AoeStats
← Ux'DonChauron

Arabia

509949156Analyzed
3v3 RM · 5d ago on Sep 28, 2026· 13m 51s· 6 players
Game mode
Random Map
Map size
Normal (6 player)
Population
200
Speed
Normal
Resources
Standard
Victory
Conquest
Starting age
Dark Age
Ending age
Imperial Age
RankedLock teamsTeams togetherTeam positionsShared explorationLock speedFull tech treeHidden civsTurbo modeCheats
Victory
Defeat
1831
+3
🇮🇹 Maya · Italy
1812
+4
🇮🇹 Saxons · Italy
1810
+4
🇪🇸 Saxons · Spain
1558
-6
🇪🇸 Vikings · Spain
1450
-3
🇪🇸 Varangians · Spain
1355
-2
Ux'DonChauron
5:22 Loom
8:22 Feudal Age
11:05 Fletching
Ux'TheNovack
4:00 Loom
9:51 Feudal Age
10:31 Double-Bit Axe
12:44 Fletching
Ux'Tycho0201
5:37 Loom
8:30 Feudal Age
10:21 Double-Bit Axe
ITA | Killer_Storm_
0:25 Loom
8:51 Feudal Age
9:39 Double-Bit Axe
12:01 Fletching
ITA | Padre Massimo dall'Aquila
8:54 Feudal Age
8:38 Loom
9:27 Double-Bit Axe
Carnage
6:09 Loom
9:01 Feudal Age
9:27 Double-Bit Axe
Connection lost

Rejoining the realm…

Still unreachable

The connection could not be restored.

Session expired

The server has moved on; the page needs a fresh start.